 Dungeon Crawl Stone Soup version 0.20.1-1-g8b1a95d (webtiles) character file.

2193 birkhead the Ruffian (level 9, -2/88 HPs)
             Began as a Troll Monk on Dec 13, 2017.
             Slain by a hornet (10 damage)
             ... while paralysed by a hornet
             ... on level 7 of the Dungeon.
             The game lasted 00:53:34 (4802 turns).

birkhead the Ruffian (Troll Monk)                   Turns: 4802, Time: 00:53:35

Health: -2/88      AC:  6    Str: 24    XL:     9   Next: 12%
Magic:  8/8        EV:  1    Int:  6    God:
Gold:   427        SH:  0    Dex: 12    Spells: 8/8 levels left

rFire    . . .     SeeInvis .     - Unarmed
rCold    . . .     Gourm    +   (no shield)
rNeg     . . .     Faith    .   a - +0 robe
rPois    .         Spirit   .   (helmet restricted)
rElec    .         Reflect  .   n - +0 cloak
rCorr    .         Harm     .   (gloves unavailable)
MR       .....                  (boots unavailable)
Stlth    ++........             (no amulet)
Regen    0.7/turn               (no ring)
MPRegen  0.2/turn               (no ring)

@: paralysed, lethally poisoned (-2 -> -15), slowed
A: unfitting armour, claws 3, fast metabolism 3, gourmand, regeneration 1,
shaggy fur 1, tough skin 2
a: no special abilities


You were on level 7 of the Dungeon.
You were not hungry.

You visited 1 branch of the dungeon, and saw 8 of its levels.

You collected 454 gold pieces.
You spent 27 gold pieces at shops.

Inventory:

Hand Weapons
 H - a +0 blowgun
Missiles
 g - 271 stones (quivered)
 u - 2 tomahawks
 w - a throwing net
 C - 2 needles of frenzy
Armour
 a - a +0 robe (worn)
 n - a +0 cloak (worn)
Jewellery
 r - an uncursed ring of positive energy {unknown}
 v - an uncursed ring of magical power {unknown}
Wands
 D - a wand of polymorph (14/24)
 G - a wand of lightning (11/15)
Scrolls
 c - 2 scrolls of noise {unknown}
 f - 2 scrolls of teleportation {unknown}
 h - 2 scrolls of fog {unknown}
 i - 7 scrolls of remove curse {unknown}
 j - 2 scrolls of random uselessness {unknown}
 m - 2 scrolls of fear {unknown}
 y - a scroll of blinking {unknown}
 A - a scroll of magic mapping {unknown}
 B - 2 scrolls of enchant weapon {unknown}
 E - a scroll of amnesia {unknown}
 J - a scroll of acquirement {unknown}
Potions
 d - 4 potions of haste
 e - a potion of flight {unknown}
 k - a potion of mutation {unknown}
 l - a potion of cancellation {unknown}
 p - 2 potions of lignification
 q - 2 potions of curing
 t - 2 potions of might
 x - a potion of magic
 z - 2 potions of heal wounds
 I - a potion of resistance {unknown}
Comestibles
 b - 6 bread rations
 o - 2 royal jellies
 s - 2 meat rations


   Skills:
 + Level 5.5 Fighting
 - Level 4.4 Throwing
 - Level 0.1 Armour
 + Level 5.5 Dodging
 - Level 1.0 Stealth
 * Level 7.5 Unarmed Combat


You had 8 spell levels left.
You didn't know any spells.

Dungeon Overview and Level Annotations

Branches:
Dungeon (8/15)             Temple (0/1) D:7
   Lair: D:8-11

Altars:
Ashenzari
Cheibriados
Dithmenos
Hepliaklqana
Qazlal
Ru
Uskayaw
Xom
Zin
The Shining One

Shops:
D:6 (


Innate Abilities, Weirdness & Mutations

You are too large for most types of armour.
You have claws for hands.
Your metabolism is lightning-fast.
You like to eat raw meat.
Your natural rate of healing is unusually fast.
You are covered in fur. (AC +1)
You have very tough skin. (AC +2)


Message History

You are more poisoned.
You feel as though you will be slow longer.
The hornet stings you.
* * * LOW HITPOINT WARNING * * *
You feel as though you will be slow longer.
You barely miss the hornet.
The hornet is almost dead.
You feel sick. The hornet barely misses you. The hornet stings you!
* * * LOW HITPOINT WARNING * * *
You suddenly lose the ability to move!
You feel sick. The hornet stings you.
* * * LOW HITPOINT WARNING * * *
You feel as though you will be slow longer.
The hornet stings you.
* * * LOW HITPOINT WARNING * * *
You are lethally poisoned!
You feel as though you will be slow longer.
* * * LOW HITPOINT WARNING * * *
You feel sick. The hornet stings you!
You die...

.########..>.....'......>...<....
.................##+######.#.##.#
#########........#....# #.#.##.#
#........#....# #.#.##..
#........#....# #.#.####
#........#....####.#.#
###'######......##.#.#
#.######?.....##.#.#
#.....@y...⌠... #########.....#
.>.⌠# ...# ..# .. .


You could see a hornet.

Vanquished Creatures
  The ghost of AdmiralAndromeda the Grappler, a novice VSTm (D:7)
  Grinder (D:3)
  A hungry ghost (D:7)
  An ice beast (D:4)
  2 sky beasts
  2 phantoms (D:6)
  An ogre (D:3)
  A centaur (D:6)
  A bullfrog (D:6)
  2 scorpions
  2 howler monkeys
  A centaur zombie (D:4)
  Crazy Yiuf (D:5)
  3 hounds (D:7)
  A jelly (D:7)
  2 orc priests
  A bullfrog skeleton (D:7)
  A centaur skeleton (D:6)
  An orc wizard (D:7)
  6 worker ants
  A hound skeleton (D:5)
  A howler monkey zombie (D:5)
  2 worker ant zombies
  8 adders
  2 adder skeletons
  3 worms
  6 leopard geckos
  8 orcs
  A ball python (D:2)
  A giant cockroach (D:2)
  12 goblins
  8 hobgoblins
  6 jackals
  8 quokkas
  8 bats
  5 frilled lizards
  2 giant cockroach zombies (D:4)
  A jackal skeleton (D:4)
  10 kobolds
  2 leopard gecko skeletons
  2 leopard gecko zombies (D:4)
  A quokka skeleton (D:4)
  A quokka zombie (D:4)
  6 rats
  A fungus (D:5)
  A withered plant (D:4)
139 creatures vanquished.

Notes
Turn   | Place    | Note
-------+----------+-------------------------------------------
     0 | D:1      | birkhead the Troll Monk began the quest for the Orb.
     0 | D:1      | Reached XP level 1. HP: 22/22 MP: 0/0
   101 | D:1      | Reached XP level 2. HP: 29/29 MP: 1/1
   494 | D:1      | Reached XP level 3. HP: 36/36 MP: 2/2
   498 | D:1      | Reached skill level 1 in Throwing
   918 | D:2      | Found a stormy altar of Qazlal.
  1001 | D:2      | Found a glowing golden altar of the Shining One.
  1290 | D:2      | Reached XP level 4. HP: 27/44 MP: 3/3
  1981 | D:3      | Noticed an ogre
  2044 | D:3      | Killed an ogre
  2044 | D:3      | Reached skill level 4 in Unarmed Combat
  2044 | D:3      | Reached XP level 5. HP: 53/53 MP: 4/4
  2086 | D:3      | Noticed Grinder
  2103 | D:3      | Killed Grinder
  2103 | D:3      | Reached XP level 6. HP: 18/61 MP: 5/5
  2580 | D:4      | Reached XP level 7. HP: 47/68 MP: 6/6
  2860 | D:4      | Reached skill level 5 in Unarmed Combat
  2967 | D:4      | Found a shattered altar of Ashenzari.
  3228 | D:5      | Entered Level 5 of the Dungeon
  3356 | D:5      | Found a shadowy altar of Dithmenos.
  3703 | D:5      | Found a runed door.
  3707 | D:5      | Noticed Crazy Yiuf
  3710 | D:5      | Killed Crazy Yiuf
  3841 | D:6      | HP: 3/71 [centaur (4)]
  3844 | D:6      | Reached XP level 8. HP: 17/79 MP: 7/7
  4079 | D:6      | Reached skill level 6 in Unarmed Combat
  4096 | D:6      | Found a hide-covered altar of Uskayaw.
  4096 | D:6      | Found a snail-covered altar of Cheibriados.
  4096 | D:6      | Found a sacrificial altar of Ru.
  4098 | D:6      | Found a shimmering altar of Xom.
  4099 | D:6      | Found a hazy altar of Hepliaklqana.
  4177 | D:6      | Found Avikka's Weapon Boutique.
  4206 | D:6      | Reached skill level 5 in Dodging
  4218 | D:6      | Bought a +0 blowgun for 27 gold pieces
  4327 | D:7      | Reached skill level 5 in Fighting
  4418 | D:7      | Noticed AdmiralAndromeda's ghost (novice VSTm)
  4503 | D:7      | Killed AdmiralAndromeda's ghost
  4503 | D:7      | Reached skill level 7 in Unarmed Combat
  4503 | D:7      | Reached XP level 9. HP: 61/88 MP: 8/8
  4727 | D:7      | Found a glowing silver altar of Zin.
  4785 | D:7      | Found a staircase to the Ecumenical Temple.
  4786 | D:7      | Paralysed by a hornet for 2 turns
  4791 | D:7      | Paralysed by a hornet for 2 turns
  4800 | D:7      | Paralysed by a hornet for 3 turns
  4802 | D:7      | Slain by a hornet

Skill      XL: |  1  2  3  4  5  6  7  8 |
---------------+-------------------------+-----
Throwing       | 1 2 4 |  4.4
Dodging        | 3 4 5 |  5.5
Fighting       | 3 4 5 |  5.5
Unarmed Combat | 4 5 7 |  7.5
Armour         | |  0.1
Stealth        | |  1.0

Action                   |  1- 3 |  4- 6 |  7- 9 || total
-------------------------+-------+-------+-------++-------
Melee: Unarmed           |   119 |   113 |   255 ||   487
       Punch             |     2 |     2 |     7 ||    11
Throw: Stone             |       |     2 |       ||     2
  Use: Scroll            |       |       |     8 ||     8
       Potion            |       |       |     2 ||     2
 Stab: Sleeping          |     2 |     1 |     3 ||     6
       Distracted        |     1 |       |       ||     1
  Eat: Chunk             |    16 |    13 |    21 ||    50
Armor: Robe              |    27 |    20 |    44 ||    91
Dodge: Dodged            |    53 |    45 |    88 ||   186
